[Event "Begum Laila Alam 12th Women 2022"]
[Site "Dhaka"]
[Date "2022.05.05"]
[Round "1.1"]
[White "Noshin, Anjum"]
[Black "Anowara, Khatun"]
[Result "1-0"]
[ECO "C80"]
[WhiteElo "2065"]
[BlackElo "1243"]
[Annotator "TA"]
[PlyCount "45"]
[EventDate "2022.05.05"]
[EventType "swiss"]
[EventCountry "BAN"]
[SourceTitle "playchess.com"]
[Source "ChessBase"]
[SourceQuality "1"]
[TimeControl "5400+30"]

1. e4 e5 2. Nf3 Nc6 3. Bb5 a6 4. Ba4 Nf6 5. O-O Nxe4 6. d4 d6 {[%emt 0:05:49] C80: Open Ruy Lopez: Sidelines and 9 Nbd2.} (6... b5 $11) 7. dxe5 {[%emt 0:03:40] [#]} Nc5 $146 ({Predecessor:} 7... Be7 8. exd6 Nxd6 9. Bxc6+ bxc6 10. h3 O-O 11. Re1 Bf6 12. Nd4 Bb7 13. c3 Nb5 14. Nxb5 cxb5 {½-½ (57) Fertaki,E (1089)-Apostolakaki,E (1164) Porto Rio 2016}) 8. Bxc6+ bxc6 {[%emt 0:02:30] White is slightly better.} 9. exd6 (9. Bg5 $5 Qd7 10. exd6 Bxd6 11. Re1+ (11. b4 Ne6 $15) 11... Ne6 12. Nbd2 $14) 9... Bxd6 10. Re1+ Be6 11. Bg5 f6 $2 {[%emt 0:03:53] [#]} (11... Qc8 $11) 12. b4 $18 O-O (12... Ne4) (12... Ne4 $142) 13. bxc5 Be7 (13... Bxc5 14. Nbd2 Re8) 14. Qxd8 Raxd8 15. Bd2 (15. Rxe6 Rd1+ 16. Re1 (16. Ne1 Kf7) 16... Rxe1+ 17. Nxe1 fxg5) ({Much less strong is} 15. Rxe6 Rd1+ 16. Re1 (16. Ne1 Kf7 $16) 16... Rxe1+ 17. Nxe1 fxg5 $18) 15... Kf7 16. Be3 Rd5 17. Nc3 Rh5 18. Nd4 Bd7 19. Ne4 f5 $2 {[%emt 0:11:56] [#]} (19... Re8 20. Nb3 Bf8) (19... Re8 20. Nb3 Bf8) 20. Ng3 {[%emt 0:00:38] White is clearly winning.} Rg5 21. Bxg5 Bxg5 22. Nf3 Kg6 23. Ne5+ {[%emt 0:00:29] White took control after the opening.  Weighted Error Value: White=0.09 (flawless) /Black=0.81} 1-0

[Event "Begum Laila Alam 12th Women 2022"]
[Site "Dhaka"]
[Date "2022.05.05"]
[Round "1.2"]
[White "Jarin, Tasnim"]
[Black "Sultana, Sharmin Shirin"]
[Result "0-1"]
[ECO "B30"]
[WhiteElo "1243"]
[BlackElo "1992"]
[Annotator "TA"]
[PlyCount "92"]
[EventDate "2022.05.05"]
[EventType "swiss"]
[EventCountry "BAN"]
[SourceTitle "playchess.com"]
[Source "ChessBase"]
[SourceQuality "1"]
[TimeControl "5400+30"]

1. e4 c5 2. Nf3 Nc6 3. Nc3 e6 4. Bc4 a6 5. O-O b5 6. Bb3 {[%emt 0:00:11] [#] B30: Sicilian: 2...Nc6 3 Bb5, lines without ...g6.} (6. Be2 $11) 6... c4 $19 7. Bxc4 bxc4 8. d3 {[%emt 0:00:10] Black is clearly better.} cxd3 9. cxd3 d6 10. d4 Nf6 {[%emt 0:00:23] [#]} 11. e5 $146 (11. d5 $142 Ne5 12. dxe6 Bxe6 13. Qa4+ Qd7 14. Qxd7+ Bxd7 15. Bg5) ({Predecessor:} 11. Re1 Be7 12. Bg5 O-O 13. Bxf6 Bxf6 14. h3 Bb7 15. d5 Na5 16. dxe6 fxe6 17. Nd4 {0-1 (35) Hoang,K (842)-De Noskowski,A (1630) Erindale 1998}) 11... dxe5 12. dxe5 Qxd1 13. Rxd1 Nd7 14. Bf4 Bb7 15. h3 Nb4 16. a3 Nd5 17. Nxd5 Bxd5 18. Nh2 Be7 19. Ng4 O-O 20. Ne3 Nb6 21. Nxd5 Nxd5 22. Bg3 a5 23. f4 Bc5+ 24. Kh1 Rfb8 25. Rac1 Be3 26. Rb1 Bxf4 27. Bxf4 Nxf4 28. Rf1 Nd3 29. b4 axb4 30. axb4 Rxb4 31. Rxb4 Nxb4 {[%emt 0:00:02][%mdl 4096] Endgame KRN-KR} 32. Rf4 Nd3 33. Re4 Nf2+ {[%emt 0:00:08] Black mates.} 34. Kg1 Nxe4 35. h4 h5 36. Kh2 Ra1 37. g3 Ra2+ 38. Kh3 g6 39. g4 Ra3+ 40. Kg2 hxg4 41. Kh2 Ra2+ 42. Kg1 g3 43. Kf1 Rf2+ 44. Kg1 Nd2 45. Kh1 Nf3 46. h5 Rh2# {[%emt 0:00:12] White did not feel at home in the position after the opening.  Weighted Error Value: White=0.77/Black=0.04 (flawless)} 0-1

[Event "Begum Laila Alam 12th Women 2022"]
[Site "Dhaka"]
[Date "2022.05.05"]
[Round "1.3"]
[White "Kazi Zarin, Tasnim"]
[Black "Nazmin, Akter"]
[Result "0-1"]
[ECO "C41"]
[WhiteElo "1899"]
[BlackElo "1219"]
[Annotator "NA RC COMBH"]
[PlyCount "120"]
[EventDate "2022.05.05"]
[EventType "swiss"]
[EventCountry "BAN"]
[SourceTitle "playchess.com"]
[Source "ChessBase"]
[SourceQuality "1"]
[TimeControl "5400+30"]

1. e4 e5 2. Nf3 d6 3. Bc4 h6 4. d4 exd4 5. Nxd4 Nf6 6. O-O g6 7. Re1 Nbd7 8. f4 Bg7 9. e5 dxe5 10. fxe5 Nh5 11. e6 Kf8 12. e7+ Qxe7 13. Rxe7 Kxe7 14. Qe2+ Kf8 15. Be3 Ne5 16. Bb3 a6 17. Nc3 Bg4 18. Qf2 Re8 19. h3 Bc8 20. Rf1 Nf6 21. Bxf7 Nxf7 22. Nd5 Bf5 23. Nxf6 Bxf6 24. Nxf5 gxf5 25. Qxf5 Rxe3 26. Qxf6 Rh7 27. Qd8+ Re8 28. Qxc7 Re7 29. Qd8+ Re8 30. Qd6+ Re7 31. Re1 Nxd6 32. Rd1 Rd7 33. b3 b5 34. Rd4 Rhe7 35. Rf4+ Kg7 36. a4 bxa4 37. Rxa4 Ra7 38. Rg4+ Kh7 39. Rd4 Ne4 40. h4 Ng3 41. Kf2 Nf5 42. Ra4 Rf7 43. Ke2 Ng3+ 44. Ke3 Nh5 45. g4 Nf6 46. g5 $19 hxg5 47. hxg5 Ng8 48. Rg4 Kg6 49. b4 Rae7+ 50. Kd4 Rf5 51. c4 Rxg5 52. Rf4 Nf6 53. Rf1 Rd7+ 54. Kc3 Rg3+ 55. Kc2 Rdd3 56. b5 axb5 57. cxb5 Nd5 58. Kb2 Rb3+ 59. Ka2 Rxb5 60. Ka1 Ra3# 0-1

[Event "Begum Laila Alam 12th Women 2022"]
[Site "Dhaka"]
[Date "2022.05.05"]
[Round "1.5"]
[White "Wadifa, Ahmed"]
[Black "Sanjeedah, Khanam Mitul"]
[Result "0-1"]
[ECO "C23"]
[WhiteElo "1791"]
[BlackElo "1177"]
[Annotator "NA RC COMBH"]
[PlyCount "51"]
[EventDate "2022.05.05"]
[EventType "swiss"]
[EventCountry "BAN"]
[SourceTitle "playchess.com"]
[Source "ChessBase"]
[SourceQuality "1"]
[TimeControl "5400+30"]

1. e4 e5 2. Nf3 Bc5 3. Bc4 c6 4. O-O d5 5. exd5 cxd5 6. Bb5+ Bd7 7. Bxd7+ Qxd7 8. Nxe5 Qf5 9. d4 Bd6 10. Re1 Ne7 11. Nc3 a6 12. Ne2 Qh5 13. Qd3 f6 14. Ng3 Qh4 15. Nf5 Nxf5 16. Nf3+ Qe4 17. Rxe4+ dxe4 18. Qxe4+ Ne7 19. Qxb7 O-O 20. Qxa8 Nf5 21. Qd5+ Kh8 22. Qxf5 Nc6 23. Qd5 Nxd4 24. Qxd4 Rd8 25. Bf4 Bxf4 26. Qxd8# 0-1

[Event "Begum Laila Alam 12th Women 2022"]
[Site "Dhaka"]
[Date "2022.05.05"]
[Round "1.6"]
[White "Poly, Khatun"]
[Black "Hamid, Rani"]
[Result "0-1"]
[ECO "B40"]
[WhiteElo "1135"]
[BlackElo "1783"]
[Annotator "NA RC COMBH"]
[PlyCount "130"]
[EventDate "2022.05.05"]
[EventType "swiss"]
[EventCountry "BAN"]
[SourceTitle "playchess.com"]
[Source "ChessBase"]
[SourceQuality "1"]
[TimeControl "5400+30"]

1. e4 c5 2. Bc4 e6 3. Nf3 a6 4. Ng5 Qxg5 5. d4 Qxg2 6. Rf1 Qxe4+ 7. Be3 cxd4 8. Qxd4 Qxd4 9. Bxd4 Nc6 10. Be3 Nf6 11. Nd2 d5 12. Bd3 Bd6 13. Nf3 e5 14. Nh4 e4 15. Be2 h6 16. c3 Bg4 17. Bxg4 Nxg4 18. Nf5 Be5 19. h3 Nxe3 20. fxe3 g6 21. Nd4 Bxd4 22. cxd4 O-O 23. O-O-O Kg7 24. h4 Nb4 25. Kb1 Rac8 26. a3 Nd3 27. Rg1 f5 28. h5 g5 29. Ka2 Rc2 30. Rb1 f4 31. exf4 Rxf4 32. Kb3 Rh2 33. Rh1 Rff2 34. Rxh2 Rxh2 35. Kc3 Rxh5 36. b4 b5 37. Ra1 Nf4 38. a4 Rh3+ 39. Kb2 Rh2+ 40. Kc3 Ne2+ 41. Kd2 Nxd4+ 42. Kc3 Nc6 43. axb5 axb5 44. Rd1 d4+ 45. Kb3 Rh3+ 46. Kb2 e3 47. Rc1 e2 48. Re1 d3 49. Kc3 Nxb4 50. Kxb4 d2 51. Rxe2 d1=Q 52. Re7+ Kf6 53. Rb7 Qd4+ 54. Ka5 Ra3+ 55. Kxb5 Rb3+ 56. Kc6 Qc4+ 57. Kd6 Qe6+ 58. Kc7 Qe7+ 59. Kc6 Qxb7+ 60. Kc5 Qb5+ 61. Kd6 Rd3+ 62. Kc7 Qc4+ 63. Kb6 Rb3+ 64. Ka5 Qb4+ 65. Ka6 Ra3# 0-1

[Event "Begum Laila Alam 12th Women 2022"]
[Site "Dhaka"]
[Date "2022.05.06"]
[Round "2.1"]
[White "Warsia, Khusbu"]
[Black "Noshin, Anjum"]
[Result "1/2-1/2"]
[ECO "C78"]
[WhiteElo "1575"]
[BlackElo "2065"]
[Annotator "TA"]
[PlyCount "101"]
[EventDate "2022.05.05"]
[EventType "swiss"]
[EventCountry "BAN"]
[SourceTitle "playchess.com"]
[Source "ChessBase"]
[SourceQuality "1"]
[TimeControl "5400+30"]

1. e4 e5 2. Nf3 Nc6 3. Bb5 a6 4. Ba4 Nf6 5. O-O b5 6. Bb3 Bc5 7. d3 {[%emt 0:00:30] Recently 7.a4 got a lot of attention.} d6 8. h3 h6 {[%emt 0:00:16] C78: Ruy Lopez: Archangelsk and Möller Defences.} 9. c3 O-O 10. Nbd2 Bb6 {[%emt 0:02:24] The position is equal.} 11. a4 {[%emt 0:00:21] With the idea axb5.} Bd7 12. Re1 Na5 13. Bc2 c5 {[%emt 0:00:05][%cal Bc7c5,Bc5b4][%mdl 32] [#]} 14. b3 $146 (14. Nf1 b4 15. Ne3 Rb8 16. Nh2 Be6 17. Nhg4 Nxg4 18. hxg4 b3 19. Bb1 c4 20. dxc4 Bxe3 21. Rxe3 Nxc4) (14. Nh4 $11) ({Predecessor:} 14. Nf1 b4 15. Ne3 Rb8 16. Nh2 Be6 17. Nhg4 Nxg4 18. hxg4 b3 19. Bb1 c4 20. dxc4 Bxe3 21. Rxe3 Nxc4 {0-1 (66) Wang,J (2369)-Shen,Y (2449) Xinghua 2015}) 14... Re8 15. Ba3 (15. Nf1 $11) 15... b4 16. cxb4 cxb4 17. Bb2 Qc7 18. d4 Rac8 19. Rc1 (19. Bd3 $11) 19... Qa7 $15 20. Nf1 Nc6 21. Ng3 a5 22. Ne2 Re7 (22... exd4 23. Nexd4 Nxd4 24. Bxd4 Bxd4 25. Qxd4 Qxd4 26. Nxd4 Nxe4) ({Better is} 22... exd4 $17 {Threatens to win with ...d3.} 23. Nexd4 Nxd4 24. Bxd4 Bxd4 25. Qxd4 Qxd4 26. Nxd4 Nxe4 $1) 23. Qd2 $11 Rce8 24. Rcd1 exd4 (24... d5 {feels hotter.} 25. exd5 Nxd5 26. Ng3 Nxd4 27. Nxd4 Bxd4 28. Bxd4 exd4 29. Rxe7 Nxe7 30. Qxd4 Qxd4 31. Rxd4 Be6) 25. Ng3 ({White should try} 25. Nexd4 $11 Nxd4 26. Bxd4) 25... d5 26. Nxd4 (26. exd5 Rxe1+ 27. Rxe1 Rxe1+ 28. Qxe1 Nxd5 29. Qe4) (26. exd5 $1 $11 Rxe1+ 27. Rxe1 Rxe1+ 28. Qxe1 Nxd5 29. Qe4) 26... Nxd4 ({Much less strong is} 26... dxe4 27. Nxc6 Bxc6 28. Bxf6 gxf6 29. Qf4 $14) (26... Nxe4 $17 27. Bxe4 dxe4 28. Rxe4 (28. Ndf5 e3 $17) 28... Rxe4 29. Nxe4 Rxe4) 27. Bxd4 $15 Bxd4 (27... dxe4 $2 28. Bxf6 e3 29. Qd3 $18 (29. Bh7+ $2 Kxh7 30. fxe3 Rxe3 $19)) (27... Nxe4 {keeps more tension.} 28. Bxe4 dxe4 29. Rxe4 Rxe4 30. Nxe4 Be6) 28. Qxd4 Qxd4 (28... Qc7 {looks sharper.} 29. Bb1 dxe4 30. Nxe4 Nxe4 31. Bxe4 Bf5) 29. Rxd4 dxe4 (29... g6 {is more complex.} 30. Red1 Rc8 31. R1d2 Bc6) 30. Nxe4 Nxe4 31. Rdxe4 (31. Bxe4 $11 {keeps the balance.} Kf8 32. Re3) 31... Rxe4 $17 32. Rxe4 (32. Bxe4 $17 {was the only defense.} Kf8 33. Re3) 32... Rxe4 $19 33. Bxe4 $11 {[%emt 0:00:02][%mdl 4096] Endgame KB-KB} Be6 {[%emt 0:00:07] Against Bd5} 34. Bc2 Kf8 $2 (34... g5 $1 $19 35. Kf1 Kg7) 35. Kf1 $2 (35. h4 $1 $11 {and White stays safe.}) 35... Ke7 $2 (35... g5 $1 $19 36. Ke2 Ke7) 36. Ke2 $2 {[%emt 0:00:06] [#]} (36. h4 $1 $11) 36... Kd6 $2 (36... g5 $1 $19 {aiming for ...Kf6.} 37. Ke3 Kd6) 37. Ke3 $2 {[%emt 0:00:14] [#]} (37. h4 $1 $11 {and White is okay.}) 37... Kc5 $2 (37... g5 $1 $19 {Hoping for ...Ke5.} 38. Bd1 Ke5) 38. h4 $1 g5 39. hxg5 hxg5 40. f3 g4 41. fxg4 Bxg4 (41... f6 $5 ) 42. Kf4 Be6 43. Ke5 Bd5 44. g4 Bf3 45. g5 Bd5 46. Bd1 Kc6 47. Bc2 Kc5 48. Bd1 Kc6 49. Bc2 Kc5 50. Bd1 Be4 $2 51. Kxe4 {[%mdl 32768] Never resign too early!  Weighted Error Value: White=0.58/Black=0.75. An unexpected result.} 1/2-1/2

[Event "Begum Laila Alam 12th Women 2022"]
[Site "Dhaka"]
[Date "2022.05.06"]
[Round "2.2"]
[White "Sultana, Sharmin Shirin"]
[Black "Aeon, Sarker"]
[Result "1-0"]
[ECO "D37"]
[WhiteElo "1992"]
[BlackElo "1516"]
[Annotator "TA RC"]
[PlyCount "41"]
[EventDate "2022.05.05"]
[EventType "swiss"]
[EventCountry "BAN"]
[SourceTitle "playchess.com"]
[Source "ChessBase"]
[SourceQuality "1"]
[TimeControl "5400+30"]

1. d4 d5 2. c4 e6 3. Nc3 Nf6 4. Nf3 Be7 5. Bf4 c6 6. e3 O-O 7. Rc1 Nbd7 8. h3 Qa5 {[%emt 0:09:20] D37: Queen's Gambit Declined: 5 Bf4.} 9. Nd2 Bb4 {[%emt 0:28:08] [#]} (9... Ne4 $11) 10. Qc2 $146 ({Predecessor:} 10. a3 Bxc3 11. Rxc3 Ne4 12. Nxe4 dxe4 13. b4 Qf5 14. Be2 Qg6 15. O-O Rd8 16. Bh5 {1-0 (46) Birjukov,S (2280)-Hodokainen,J Savonlinna 1996}) 10... Nh5 (10... dxc4 $11 11. Nxc4 (11. Bxc4 e5 $14) 11... Qxa2) 11. Bh2 $16 g6 12. Be2 Ng7 13. O-O Re8 14. Nf3 (14. Rfd1 {feels hotter.} Nf5 15. Bd3 Qd8 16. cxd5 exd5 17. Bxf5 gxf5 18. Qxf5 Qf6 19. Qf3) 14... f6 15. Rfd1 {[%emt 0:06:18] White is more active.} Bxc3 16. bxc3 e5 (16... Nb6 $16 {was called for.}) 17. dxe5 fxe5 (17... Nxe5 $142 18. Nxe5 fxe5 19. cxd5 cxd5) 18. cxd5 $18 cxd5 19. c4 e4 20. Rxd5 Qb6 (20... Nc5 $142 21. Nd2 Qa3) 21. Nd2 {[%emt 0:04:01] White took control after the opening.  Weighted Error Value: White=0.15 (very precise) /Black=0.59} 1-0

[Event "Begum Laila Alam 12th Women 2022"]
[Site "Dhaka"]
[Date "2022.05.06"]
[Round "2.3"]
[White "Nusrat, Jahan Liza"]
[Black "Khan, Nazrana"]
[Result "0-1"]
[ECO "B40"]
[WhiteElo "1541"]
[BlackElo "1829"]
[Annotator "NA RC COMBH"]
[PlyCount "100"]
[EventDate "2022.05.05"]
[EventType "swiss"]
[EventCountry "BAN"]
[SourceTitle "playchess.com"]
[Source "ChessBase"]
[SourceQuality "1"]
[TimeControl "5400+30"]

1. e4 c5 2. Nf3 e6 3. Bc4 a6 4. a3 Nc6 5. d3 Qc7 6. Nc3 Nf6 7. Bg5 Be7 8. Qd2 O-O 9. O-O b5 10. Ba2 Bb7 11. Bf4 d6 12. Ne2 Kh8 13. Ng3 Rac8 14. Rfe1 Ne5 15. Qe2 Ng6 16. Bg5 Ng4 17. h3 N4e5 18. Bxe7 Qxe7 19. Nxe5 dxe5 20. Qg4 Qh4 21. Qxh4 Nxh4 22. Nh5 Rce8 23. Re3 f5 24. f4 fxe4 25. fxe5 Nf5 26. Ree1 Nd4 27. Rac1 Rf5 28. Ng3 Rxe5 29. c3 Rg5 30. Kh2 exd3 31. Rcd1 Ne2 32. Rxd3 Rxg3 33. Rxg3 Nxg3 34. Kxg3 c4 35. a4 Bd5 36. a5 Rf8 37. Bb1 Kg8 38. Bc2 Rf6 39. Be4 Bxe4 40. Rxe4 Kf7 41. Rf4 Ke7 42. Rxf6 gxf6 43. Kf4 Kf7 44. g4 Kg6 45. h4 h5 46. Kf3 hxg4+ 47. Kxg4 f5+ 48. Kf3 e5 49. Kg3 Kh5 50. Kh3 f4 0-1

[Event "Begum Laila Alam 12th Women 2022"]
[Site "Dhaka"]
[Date "2022.05.06"]
[Round "2.5"]
[White "Hamid, Rani"]
[Black "Sharmin, Khan"]
[Result "1-0"]
[ECO "B12"]
[WhiteElo "1783"]
[BlackElo "1309"]
[Annotator "NA RC COMBH"]
[PlyCount "49"]
[EventDate "2022.05.05"]
[EventType "swiss"]
[EventCountry "BAN"]
[SourceTitle "playchess.com"]
[Source "ChessBase"]
[SourceQuality "1"]
[TimeControl "5400+30"]

1. e4 c6 2. d4 d5 3. e5 Bf5 4. Nf3 e6 5. Bd3 Bxd3 6. Qxd3 Ne7 7. Nc3 Nf5 8. Ne2 h6 9. Bd2 Be7 10. Qb3 Qc7 11. h4 h5 12. Ng3 Nxg3 13. fxg3 Nd7 14. Bg5 Nb6 15. O-O O-O 16. Qd3 Rfe8 17. b3 c5 18. Bxe7 Qxe7 19. Ng5 g6 20. Rxf7 Qxf7 21. Nxf7 Kxf7 22. Rf1+ Kg7 23. Rf6 Kg8 24. Qxg6+ Kh8 25. Rf7 1-0

[Event "Begum Laila Alam 12th Women 2022"]
[Site "Dhaka"]
[Date "2022.05.07"]
[Round "3.1"]
[White "Tasnia Tarannum, Orpa"]
[Black "Sultana, Sharmin Shirin"]
[Result "0-1"]
[ECO "A12"]
[WhiteElo "1691"]
[BlackElo "1992"]
[Annotator "TA"]
[PlyCount "94"]
[EventDate "2022.05.05"]
[EventType "swiss"]
[EventCountry "BAN"]
[SourceTitle "playchess.com"]
[Source "ChessBase"]
[SourceQuality "1"]
[TimeControl "5400+30"]

1. Nf3 d5 2. g3 Nf6 3. Bg2 Bf5 4. c4 c6 5. b3 Nbd7 6. Bb2 e6 7. O-O Be7 8. d3 O-O 9. Nbd2 a5 10. a3 h6 11. Qc2 Bh7 12. Ne5 Nxe5 {[%emt 0:05:25] A12: English Opening: 1...c6 with b3 by White.} 13. Bxe5 Nd7 14. Bc3 Bf6 {[%emt 0:02:07] The position is equal.} 15. Nf3 {[%emt 0:04:51] [#]} Bxc3 $146 ({Predecessor:} 15... Re8 16. Rfb1 Bxc3 17. Qxc3 Qf6 18. Qxf6 Nxf6 19. Ne5 Red8 20. b4 axb4 21. axb4 dxc4 22. Nxc4 {1-0 (52) Yeletsky,I (2460)-Lehtosaari,M (2199) Chess.com INT 2021}) 16. Qxc3 Qf6 17. Qxf6 Nxf6 18. Ne5 Rfd8 19. b4 Ne8 20. f4 f6 21. Nf3 dxc4 22. dxc4 Be4 23. Bh3 Kf7 24. Rad1 Bxf3 25. exf3 axb4 26. axb4 f5 27. Rfe1 (27. Rxd8 $1 $11 Rxd8 28. Ra1) 27... Nc7 28. Bf1 Rxd1 29. Rxd1 $15 {[%emt 0:00:09][%mdl 4096] Endgame Hoping for Rd7+. KRB-KRN} Ke7 {[%emt 0:00:07] Inhibits Rd7+.} 30. Rb1 Ra3 31. Kf2 g5 32. fxg5 hxg5 33. f4 Ra2+ 34. Be2 {[%emt 0:05:21] [#]} g4 $1 35. b5 cxb5 36. cxb5 Nd5 37. Rc1 Kd6 38. Ke1 Rb2 39. Rd1 ({Better is} 39. Rc8 $1 $15) 39... Rc2 (39... b6 $17) 40. Rd2 Rc1+ 41. Kf2 Kc5 42. Kg2 Nc3 43. Rb2 b6 44. Kf2 Rh1 45. Kg2 Re1 {[%emt 0:00:29] Black is more active.} 46. Bf1 {[%emt 0:00:29] [#]} (46. Bd3 $142) 46... Rc1 (46... Nd1 $1 $17 47. Rc2+ Kb4 48. Rc4+ Ka5) 47. Kf2 $2 (47. Kg1 $15) 47... Nd1+ {[%emt 0:00:05] Weighted Error Value: White=0.42/Black=0.12 (very precise)} 0-1

[Event "Begum Laila Alam 12th Women 2022"]
[Site "Dhaka"]
[Date "2022.05.07"]
[Round "3.2"]
[White "Khan, Nazrana"]
[Black "Israt, Jahan Diba"]
[Result "1/2-1/2"]
[ECO "D37"]
[WhiteElo "1829"]
[BlackElo "1757"]
[Annotator "NA RC COMBH"]
[PlyCount "140"]
[EventDate "2022.05.05"]
[EventType "swiss"]
[EventCountry "BAN"]
[SourceTitle "playchess.com"]
[Source "ChessBase"]
[SourceQuality "1"]
[TimeControl "5400+30"]

1. d4 d5 2. c4 e6 3. Nc3 Nf6 4. Nf3 Be7 5. Bf4 O-O 6. a3 c5 (6... b6 $11) 7. dxc5 Bxc5 8. e3 Nc6 9. Qc2 Re8 10. Rd1 e5 11. Bg5 d4 12. Nd5 Be7 13. Bxf6 Bxf6 14. Be2 g6 15. Nxf6+ Qxf6 16. O-O Bf5 17. e4 Be6 18. b4 Rac8 19. Qd2 $11 Nd8 20. Rc1 Bd7 21. Ne1 Ne6 22. Nd3 g5 23. Bg4 Rc7 24. f3 Nf4 25. Nxf4 Qxf4 26. Qxf4 gxf4 27. Bxd7 Rxd7 28. Rfd1 Rc8 29. g3 fxg3 30. hxg3 Rdc7 31. f4 f6 32. fxe5 fxe5 33. Rf1 Rxc4 34. Rxc4 Rxc4 35. Kf2 Rc3 36. a4 Rb3 37. b5 a6 38. bxa6 bxa6 39. Rc1 Rc3 40. Rxc3 dxc3 41. Ke3 c2 42. Kd2 c1=Q+ 43. Kxc1 Kf7 44. Kd2 Kf6 45. Kc3 Kg5 46. Kc4 Kg4 47. Kd5 Kxg3 48. Kxe5 h5 49. Kd6 h4 50. e5 h3 51. e6 h2 52. e7 h1=Q 53. e8=Q Qd1+ 54. Kc7 Qc2+ 55. Qc6 Qe2 56. Kb7 Kf4 57. Qf6+ Kg3 58. Qxa6 Qe7+ 59. Kb6 Qd6+ 60. Ka5 Qc5+ 61. Qb5 Qc3+ 62. Kb6 Qd4+ 63. Kc7 Qa7+ 64. Kc8 Qf7 65. Qb8+ Kg4 66. Qb4+ Kg3 67. Qd6+ Kf3 68. Qc6+ Ke3 69. a5 Qf5+ 70. Qd7 Qxa5 1/2-1/2

[Event "Begum Laila Alam 12th Women 2022"]
[Site "Dhaka"]
[Date "2022.05.07"]
[Round "3.3"]
[White "Wadifa, Ahmed"]
[Black "Nusrat Jahan, Alo"]
[Result "0-1"]
[ECO "B12"]
[WhiteElo "1791"]
[BlackElo "1652"]
[Annotator "NA COMBH"]
[PlyCount "80"]
[EventDate "2022.05.05"]
[EventType "swiss"]
[EventCountry "BAN"]
[SourceTitle "playchess.com"]
[Source "ChessBase"]
[SourceQuality "1"]
[TimeControl "5400+30"]

1. e4 c6 2. d4 d5 3. e5 Bf5 4. Nf3 e6 5. Be2 c5 6. O-O Nc6 7. Be3 Qb6 8. b3 cxd4 9. Nxd4 Nxd4 10. Bxd4 Bc5 11. c3 Ne7 12. Bxc5 Qxc5 13. Qd4 Rc8 14. Re1 O-O 15. h3 a6 16. b4 Qxd4 17. cxd4 Nc6 18. Rd1 Nxb4 19. a3 Nc6 20. Bd3 Nxd4 21. Bxf5 Nxf5 22. Nd2 Nd4 23. Kf1 Rc2 24. Rab1 Rfc8 25. Nb3 Nb5 26. Nd4 Nxd4 27. Rxd4 Rc1+ 28. Rxc1 Rxc1+ 29. Ke2 b5 30. a4 Rc4 31. Rxc4 dxc4 32. Kd2 b4 33. g4 a5 34. f4 Kf8 35. f5 exf5 36. gxf5 Ke7 37. Ke3 b3 38. Kd2 f6 39. e6 g6 40. fxg6 hxg6 0-1

[Event "Begum Laila Alam 12th Women 2022"]
[Site "Dhaka"]
[Date "2022.05.07"]
[Round "3.4"]
[White "Omnia Binta Yusuf, Lubaba"]
[Black "Hamid, Rani"]
[Result "0-1"]
[ECO "B22"]
[WhiteElo "1652"]
[BlackElo "1783"]
[Annotator "NA COMBH"]
[PlyCount "86"]
[EventDate "2022.05.05"]
[EventType "swiss"]
[EventCountry "BAN"]
[SourceTitle "playchess.com"]
[Source "ChessBase"]
[SourceQuality "1"]
[TimeControl "5400+30"]

1. e4 c5 2. c3 e6 3. Nf3 d5 4. exd5 Qxd5 5. Na3 Nc6 6. d4 Nf6 7. Bc4 Qd8 8. Nc2 Be7 9. O-O O-O 10. dxc5 Bxc5 11. Bg5 Be7 12. Ne3 Qc7 13. Qc2 b6 14. Bd3 h6 15. Bh4 Bb7 16. Bg3 Bd6 17. Bxd6 Qxd6 18. Rad1 Qc7 19. Qe2 Rad8 20. Bc2 Ne5 21. Nd4 a6 22. Rfe1 b5 23. a4 bxa4 24. Bxa4 Ng6 25. g3 Ne7 26. Ng4 Nxg4 27. Qxg4 Nd5 28. Qe2 Nf6 29. Qe5 Qb6 30. Bb3 Nd7 31. Qe3 e5 32. Nf5 Qxb3 33. Nxh6+ gxh6 34. Rd6 f6 35. Red1 Qc2 36. R6d3 Qa4 37. f3 Kg7 38. b3 Qc6 39. c4 Rf7 40. Rd5 Re8 41. c5 Nxc5 42. Rxc5 Qxf3 43. Qxf3 Bxf3 0-1